 Dungeon Crawl Stone Soup version 0.20.1-1-g8b1a95d (webtiles) character file.

76 Thyosulf the Gusty (level 4, 0/24 HPs)
             Began as a Tengu Air Elementalist on Nov 13, 2017.
             Slain by a scorpion (10 damage)
             ... in an ossuary.
             The game lasted 00:14:22 (2010 turns).

Thyosulf the Gusty (Tengu Air Elementalist)         Turns: 2010, Time: 00:14:23

Health: 0/24       AC:  2    Str:  9    XL:     4   Next: 32%
Magic:  0/9        EV: 13    Int: 16    God:
Gold:   190        SH:  0    Dex: 14    Spells: 5/8 levels left

rFire    . . .     SeeInvis .   e - +0 short sword
rCold    . . .     Gourm    .   (no shield)
rNeg     . . .     Faith    .   a - +0 robe
rPois    .         Spirit   .   (helmet restricted)
rElec    .         Reflect  .   (no cloak)
rCorr    .         Harm     .   (no gloves)
MR       .....                  (boots unavailable)
Stlth    ++........             (no amulet)
Regen    0.1/turn               (no ring)
MPRegen  0.2/turn               (no ring)

@: lethally poisoned (0 -> -4), swift, quick
A: beak, talons 3
a: no special abilities


You were in an ossuary.
You were not hungry.

You visited 1 branch of the dungeon, and saw 4 of its levels.
You also visited: Ossuary.

You collected 190 gold pieces.

Inventory:

Hand Weapons
 e - a +0 short sword (weapon)
Missiles
 l - 52 stones (quivered)
Armour
 a - a +0 robe (worn)
 g - a +0 chain mail
 r - a +0 leather armour
Scrolls
 d - 2 scrolls of teleportation {unknown}
 i - a scroll of enchant weapon {unknown}
 j - 2 scrolls of recharging {unknown}
 k - 2 scrolls of fear {unknown}
 n - a scroll of remove curse {unknown}
 p - a scroll of enchant armour {unknown}
 q - a scroll of immolation {unknown}
Potions
 m - 3 potions of curing {unknown}
Books
 b - a book of Air

   Spells                             Type                      Level
   a - Shock                          Conjuration/Air              1
   b - Swiftness                      Charms/Air                   2
   c - Static Discharge               Conjuration/Air              3
   d - Airstrike                      Air                          4
   e - Lightning Bolt                 Conjuration/Air              5
Comestibles
 h - a royal jelly
 o - a fruit


   Skills:
 + Level 0.4 Short Blades
 + Level 2.4 Dodging
 + Level 2.4 Stealth
 + Level 0.2 Unarmed Combat
 + Level 2.7 Spellcasting
 + Level 2.0 Conjurations
 * Level 5.0 Air Magic


You had 5 spell levels left.
You knew the following spells:

 Your Spells              Type           Power        Failure   Level  Hunger
a - Shock                 Conj/Air       ##..         4%          1    #......
b - Swiftness             Chrm/Air       ##......     11%         2    ##.....


Dungeon Overview and Level Annotations

Branches:
Dungeon (4/15)
 Temple: D:4-7

Altars:
Trog
Yredelemnul


Innate Abilities, Weirdness & Mutations

You have a beak for a mouth.
You have claws for feet.


Message History

Casting: Shock
Confirm with . or Enter, or press ? or * to list all spells.
Aiming: Shock
Press: ? - help, Shift-Dir - straight line, f/p - scorpion
Aim: a scorpion (severely wounded)
The zap hits the scorpion.
The scorpion is severely wounded.
You feel sick. The scorpion barely misses you.
Casting: Shock
Confirm with . or Enter, or press ? or * to list all spells.
Aiming: Shock
Press: ? - help, Shift-Dir - straight line, f/p - scorpion
Aim: a scorpion (severely wounded)
The zap hits the scorpion.
The scorpion is almost dead.
The scorpion stings you!
Casting: Shock
Confirm with . or Enter, or press ? or * to list all spells.
You feel quick. The scorpion stings you!
You die...

...8...# .......#
##############8...8##
#...#...#...#.......
#.∩.'...8...#...8.
#...#.......#...#
##'###8...8###'######
#...#.......#^^^#.!!#
#.∩.#...8..@s^^.#M.!+
#...#...#...#...#?..#
#####################


You could see a mummy and a scorpion.

Vanquished Creatures
  A mummy (D:4)
  An adder (D:2)
  An ooze (D:1)
  A dart slug (D:1)
  2 leopard geckos
  2 ball pythons (D:1)
  5 bats
  A giant cockroach (D:1)
  A gnoll zombie (Ossuary)
  4 goblins
  5 hobgoblins
  7 kobolds
  7 frilled lizards
  A goblin zombie (Ossuary)
  A hobgoblin zombie (D:4)
  An orc zombie (Ossuary)
  8 rats
49 creatures vanquished.

Notes
Turn   | Place    | Note
-------+----------+-------------------------------------------
     0 | D:1      | Thyosulf the Tengu Air Elementalist began the quest for the Orb.
     0 | D:1      | Reached XP level 1. HP: 10/10 MP: 4/4
   351 | D:1      | Reached XP level 2. HP: 15/15 MP: 4/6
   360 | D:1      | Learned a level 2 spell: Swiftness
   502 | D:2      | Found a bloodstained altar of Trog.
   653 | D:1      | Reached XP level 3. HP: 19/19 MP: 2/7
  1266 | D:2      | Found a basalt altar of Yredelemnul.
  1392 | D:2      | Reached XP level 4. HP: 23/24 MP: 6/9
  1637 | D:4      | Found a sand-covered staircase.
  1645 | D:4      | HP: 1/24 [mummy (8)]
  1669 | D:4      | Reached skill level 5 in Air Magic
  1682 | Ossuary  | Entered an ossuary
  2010 | Ossuary  | Slain by a scorpion

Skill      XL: |  1  2  3  4 |
---------------+-------------+-----
Conjurations   | 2 |  2.0
Air Magic      | 5 |  5.0
Short Blades   | |  0.4
Dodging        | |  2.4
Stealth        | |  2.4
Unarmed Combat | |  0.2
Spellcasting   | |  2.7

Action                   |  1- 3 |  4- 6 || total
-------------------------+-------+-------++-------
Melee: Unarmed           |    12 |       ||    12
       Kick              |     5 |     1 ||     6
       Peck              |     4 |     1 ||     5
       Short sword       |    16 |     3 ||    19
 Cast: Shock             |    62 |    26 ||    88
       Swiftness         |       |     2 ||     2
  Eat: Chunk             |     2 |       ||     2
       Bread ration      |       |     1 ||     1
Armor: Robe              |     4 |     2 ||     6
Dodge: Dodged            |    22 |     5 ||    27
